 Dungeon Crawl Stone Soup version 0.31-a0-700-gf13585253f (webtiles) character file.

Game seed: 15024276112249554684

20 qw the Shooter (level 2, -1/17 HPs)
             Began as a Gargoyle Hunter on Sept 7, 2023.
             Slain by a gnoll
             ... wielding a +2 spear of flaming
              (7 damage)
             ... on level 1 of the Dungeon.
             The game lasted 00:00:16 (784 turns).

qw the Shooter (Gargoyle Hunter)                     Turns: 784, Time: 00:00:16

Health: -1/17      AC:  7    Str: 14    XL:     2   Next: 79%
Magic:  2/2        EV: 10    Int:  9    God:
Gold:   38         SH:  0    Dex: 13    Spells: 1/1 levels left

rFire   . . .        Y - +1 shortbow
rCold   . . .        (shield currently unavailable)
rNeg    + . .        f - +0 ring mail
rPois   inf          (no helmet)
rElec   +            (no cloak)
rCorr   .            (no gloves)
SInv    .            (no boots)
Will    .....        (no amulet)
Stlth   +            (no ring)
HPRegen 0.22/turn    (no ring)
MPRegen 0.08/turn

%: no passive effects
@: no status effects
A: sickness immunity, AC +2, negative energy resistance 1, electricity
resistance, torment resistance 1, petrification resistance
a: no special abilities


You were on level 1 of the Dungeon.
You visited 1 branch of the dungeon, and saw 2 of its levels.

You collected 38 gold pieces.


Innate Abilities, Weirdness & Mutations

You are immune to sickness and miasma.
Your stone body is resilient. (AC +2)
You are immune to poison.
You resist negative energy. (rN+)
You are resistant to electric shocks. (rElec)
You are resistant to unholy torment.
You are immune to petrification.


   Skills:
 - Level 2.1 Fighting
 - Level 4.8 Ranged Weapons
 + Level 0.0 Armour
 - Level 1.5 Dodging
 - Level 1.1 Stealth


You had one spell level left.
You didn't know any spells.
Your spell library was empty.

Inventory:

Hand Weapons
 Y - a +1 shortbow (weapon)
Armour
 f - a +0 ring mail (worn)
Potions
 g - 2 potions of curing
 h - a potion of heal wounds {unknown}
 k - a potion of resistance {unknown}
 l - a potion of attraction {unknown}

Dungeon Overview and Level Annotations

Branches:
Dungeon (2/15)

Altars:


Message History

736 ||| DRINKING 2 lumpy blue potions.
It was a potion of lignification.
You turn into a tree.
Your +0 ring mail melds into your body.
Your roots penetrate the ground.
You start resting.
Your transformation is almost over.
You feel less wooden.
HP restored.
Your +0 ring mail unmelds from your body.
Done exploring.
766 ||| DROPPING scroll of butterflies.
You drop a scroll of butterflies.
Done exploring.
767 ||| DROPPING potion of berserk rage.
You drop a potion of berserk rage.
Done exploring.
768 ||| DROPPING potion of lignification.
You drop a potion of lignification.
Done exploring.
What level of the Dungeon? (default 1, ? - help)
There is a stone staircase leading down here.
You climb downwards.
The gnoll shouts! x2; The ball python hisses angrily.
The hobgoblin shouts!
The frilled lizard hisses angrily.
The endoplasm quivers.
Found an escape hatch in the ceiling.
Found a stone staircase leading up.
There is a stone staircase leading up here.
There are monsters nearby!
Waypoint 1 assigned to D:2.
781 ||| STAIRDANCE The gnoll hits you with a +2 spear of flaming.
The gnoll burns you.
You climb upwards.
There is a stone staircase leading down here.
You shoot an arrow.
The arrow hits the gnoll but does no damage.
The gnoll hits you with a +2 spear of flaming!
The gnoll burns you.
You shoot an arrow. The arrow hits the gnoll!
The gnoll is severely wounded.
The gnoll hits you with a +2 spear of flaming!
You die...

#
#..........##...#####..........
# #.######..#####.# #########.#
# #.# #.## #.# #.# # #.# #.#
#.# #.. # #.# ##.## #.# ##.
###.# ##...#####.### #. ....#
#.....)......# ## #..##
#......##g.#.# #..#
#|.....##@##.# #..#
##...........# #..#
######...##.##.############
#..#
#..........[##)...........##
#..#
#!############..#...........
#..# #.# ##...#.###....... #..#
#.# #................ #..###.#
##...#.###......% #......#
##..#.###.#.....


You could see a gnoll.

Vanquished Creatures
  A dart slug (D:1)
  A bat (D:1)
  2 endoplasms (D:1)
  4 hobgoblins (D:1)
  2 kobolds (D:1)
  A quokka (D:1)
  2 frilled lizards (D:1)
  4 rats (D:1)
17 creatures vanquished.

Notes
Turn   | Place    | Note
-------+----------+-------------------------------------------
     0 | D:1      | qw the Gargoyle Hunter began the quest for the Orb.
     0 | D:1      | Reached XP level 1. HP: 12/12 MP: 1/1
     0 | D:1      | 0 ||| qw: Version: 0.3-a-76-g4403597
     0 | D:1      | 0 ||| qw: Game counter: 633
     0 | D:1      | 0 ||| qw: Melee chars always use a shield: true
     0 | D:1      | 0 ||| qw: God list: Okawaru
     0 | D:1      | 0 ||| qw: Allow faded altars: false
     0 | D:1      | 0 ||| qw: Do Orc after clearing Dungeon:15 true
     0 | D:1      | 0 ||| qw: Do second Lair branch before Depths: true
     0 | D:1      | 0 ||| qw: Lair rune preference: random
     0 | D:1      | 0 ||| qw: Goals: Normal
     0 | D:1      | 0 ||| PLANNING D:1-11
    77 | D:1      | Reached XP level 2. HP: 8/17 MP: 2/2
   614 | D:1      | 614 ||| UPGRADING to +0 ring mail.
   624 | D:1      | 624 ||| DROPPING +0 leather armour.
   625 | D:1      | 625 ||| READING scroll labelled POYNNA NAUV.
   628 | D:1      | 628 ||| READING scroll labelled MUELEE LEIMIE.
   629 | D:1      | 629 ||| READING scroll labelled FIOSUCAZXAI.
   630 | D:1      | 630 ||| DRINKING 2 smoky green potions.
   735 | D:1      | 735 ||| DRINKING 3 viscous purple potions.
   736 | D:1      | 736 ||| DRINKING 2 lumpy blue potions.
   766 | D:1      | 766 ||| DROPPING scroll of butterflies.
   767 | D:1      | 767 ||| DROPPING potion of berserk rage.
   768 | D:1      | 768 ||| DROPPING potion of lignification.
   781 | D:2      | 781 ||| STAIRDANCE
   784 | D:1      | Slain by a gnoll

Levels and vault maps discovered:
D:1:      pf_arrival_petrified_forest, layout_loops_ring, minmay_vboxes
D:2:      layout_rooms, roderic_lattice_a

Action                     || total
---------------------------++-------
   Fire: Shortbow          ||    43
    Use: Scroll            ||     3
         Potion            ||     3
 Armour: Leather armour    ||    19
         Ring mail         ||     3
  Dodge: Dodged            ||    13

Table legend:
 A = Non-vault XP
 B = Vault XP
 C = Vault XP percentage of total XP
 D = Non-vault monster count
 E = Vault monster count
 F = Vault count percentage of total count
                 A         B        C        D         E       F
            +---------+---------+-------+---------+---------+-------
      Total |      20 |       9 |  31.0 |      12 |       5 |  29.4
            +---------+---------+-------+---------+---------+-------
        D:1 |      20 |       9 |  31.0 |      12 |       5 |  29.4
            +---------+---------+-------+---------+---------+-------
